 Dungeon Sprint DCSS version 0.30-a0-920-g7493c07aab (webtiles) character file.

Game seed: 17602807355205786767

18281 Atreus the Peltast (level 12, -2/168 (180) HPs)
             Began as an Armataur Monk on Mar 21, 2023.
             Was an Initiate of Gozag.
             Killed from afar by Enomon the pandemonium lord (15 damage)
             ... with a bolt of negative energy
             ... in the Dungeon (Sprint V: "Ziggurat Sprint").
             The game lasted 00:18:06 (1242 turns).

Atreus the Peltast (Armataur Monk)                  Turns: 1242, Time: 00:18:06

HP:   -2/168 (180)  AC: 35    Str: 26    XL:     12   Next: 26%
MP:   0/12          EV:  2    Int: 14    God:    Gozag
Gold: 235           SH: 42    Dex: 20    Spells: 11/11 levels left

rFire   . . .      SeeInvis .    E - +6 shillelagh "Devastator" {shatter}
rCold   + . .      Faith    .    O - +18 shield of the Gong {Loud rN+ Will+ rCorr EV-5}
rNeg    + . .      Spirit   +    N - +15 Maxwell's patent armour {-Cast -Tele rElec Will+ rCorr}
rPois   +          Reflect  .    (no helmet)
rElec   +          Roll     +    W - +2 cloak {rPois}
rCorr   +          NoTele   +    (no gloves)
Will    ++...      NoCast   +    (no barding) Stlth
                                 Z - brooch of Shielding {Spirit SH+8}
HPRegen 0.48/turn                D - ring of Toqit {Fly rElec Dex+4 Slay+4}
MPRegen 0.13/turn                a - ring "Xiummiry" {rC+ rCorr Str+6 Int+3 Dex+2}

@: mighty, brilliant, berserking, gold aura, flying, studying Fighting, drained,
very quick
A: large, rugged brown scales 3, deformed body, armoured tail, roll, long
tongue, awkward tongue
a: Renounce Religion, Potion Petition, Call Merchant, Bribe Branch


You were in the Dungeon.
You worshipped Gozag.
Gozag was aware of your devotion.
You visited 1 branch You collected 7497 gold pieces.
You spent 3030 gold pieces at shops.
You paid 4232 gold pieces to Gozag.

Inventory:

Hand Weapons
 E - the +6 shillelagh "Devastator" (weapon) {shatter}
   (You found it in the Dungeon)
Armour
 b - a +0 robe
 N - the +15 Maxwell's patent armour (worn) {-Cast -Tele rElec Will+ rCorr}
   (You found it in the Dungeon)

   rElec:     It insulates you from electricity.
   -Cast:     It prevents spellcasting.
   -Tele:     It prevents most forms of teleportation.
   rCorr:     It protects you from acid and corrosion.
   Will:      It increases your willpower.
 O - the +18 shield of the Gong (worn) {Loud rN+ Will+ rCorr EV-5}
   (You found it in the Dungeon)

   Loud:      It is deafeningly noisy when blocking attacks.
   EV:        It affects your evasion (-5).
   rN:        It protects you from negative energy.
   rCorr:     It protects you from acid and corrosion.
   Will:      It increases your willpower.
 S - the +4 ring mail of Rucobeid {Str+7 Int-5}
   (You found it in the Dungeon)

   Str:       It affects your strength (+7).
   Int:       It affects your intelligence (-5).
 W - a +2 cloak of poison resistance (worn)
Jewellery
 a - the ring "Xiummiry" (right hand) {rC+ rCorr Str+6 Int+3 Dex+2}
   (You found it in the Dungeon)

   [ring of strength]

   Str:       It affects your strength (+6).
   Int:       It affects your intelligence (+3).
   Dex:       It affects your dexterity (+2).
   rC:        It protects you from cold.
   rCorr:     It protects you from acid and corrosion.
 c - the ring "Ladiotz" {Ice Dex+3}
   (You found it in the Dungeon)

   [ring of ice]

   It enhances your ice magic.
   Dex:       It affects your dexterity (+3).
   rF:        It makes you vulnerable to fire.
   rC:        It protects you from cold.
 v - a ring of flight
 w - a +6 ring of dexterity
 x - a +6 ring of dexterity
 y - a +6 ring of intelligence
 z - a +6 ring of intelligence
 A - a +6 ring of strength
 B - a +6 ring of strength
 D - the ring of Toqit (left hand) {Fly rElec Dex+4 Slay+4}
   (You bought it in a shop in the Dungeon)

   [ring of slaying]

   Dex:       It affects your dexterity (+4).
   Slay:      It affects your accuracy & damage with ranged weapons and melee
   (+4).
   rElec:     It insulates you from electricity.
   Fly:       It grants you flight.
 F - the ring "Zoplir" {Fly Int+4 Dex+4}
   (You found it in the Dungeon)

   [ring of flight]

   Int:       It affects your intelligence (+4).
   Dex:       It affects your dexterity (+4).
   Fly:       It grants you flight.
 G - a +6 ring of strength
 L - a ring of see invisible
 P - a ring of fire
 Q - a +6 ring of dexterity
 T - a +6 ring of strength
 U - an amulet of guardian spirit
 V - an amulet of magic regeneration
 Z - the brooch of Shielding (around neck) {Spirit SH+8}
   (You found it in the Dungeon)

   [amulet of guardian spirit]

   It causes incoming damage to be divided between your reserves of health and
   magic.
   SH:        It affects your SH (+8).
Wands
 s - a wand of mindburst (7)
 t - a wand of iceblast (7)
 u - a wand of quicksilver (7)
Scrolls
 i - 4 scrolls of blinking
 j - 4 scrolls of amnesia
 k - 9 scrolls of fog
 l - 3 scrolls of identify
 m - a scroll of fear
 q - 2 scrolls of brand weapon
 M - a scroll of immolation
 R - 8 scrolls of enchant weapon
Potions
 d - 10 potions of curing
 f - 7 potions of haste
 g - 7 potions of magic
 h - 3 potions of berserk rage
 n - 2 potions of brilliance
 o - a potion of invisibility
 p - 3 potions of resistance
 r - 5 potions of might
 I - a potion of attraction
Miscellaneous
 e - a box of beasts
 C - a lightning rod (4/4)
 H - a tin of tremorstones (2/2)
 J - a piece from Xom's chessboard (15/15)
 K - a phial of floods
 X - a condenser vane (quivered)
 Y - a phantom mirror


   Skills:
 * Level 12.5 Fighting
 - Level 9.5 Long Blades
 - Level 2.4(8.0) Axes
 * Level 12.9(13.0) Maces & Flails
 * Level 18.0 Armour
 - Level 2.1 Dodging
 - Level 2.1 Stealth
 * Level 19.7 Shields
 - Level 1.4 Evocations


You had 11 spell levels left.
You didn't know any spells.
Your spell library contained the following spells:

 Spells                   Type           Power      Damage    Failure   Level
 Magic Dart               Conj           0%         1d3       91%         1
 Sting                    Tmut/Pois      0%         1d3       91%         1
 Momentum Strike          Conj/Tloc      0%         3d8       97%         2
 Poisonous Vapours        Pois/Air       0%         N/A       97%         2
 Searing Ray              Conj           0%         2d4       97%         2
 Dazzling Flash           Conj/Hex       0%         N/A       99%         3
 Kindle Blastsparks       Fire/Tloc/Air  0%         2d10      99%         3
 Ozocubu's Armour         Ice            0%         N/A       99%         3
 Dispel Undead            Necr           0%         3d6       100%        4
 Fulminant Prism          Conj/Hex       0%         3d5       100%        4
 Ice Form                 Ice/Tmut       0%         N/A       100%        4
 Iskenderun's Mystic Bla  Conj/Tloc      0%         2d3       100%        4
 Leda's Liquefaction      Hex/Erth       0%         N/A       100%        4
 Olgreb's Toxic Radiance  Pois           0%         N/A       100%        4
 Petrify                  Tmut/Erth      0%         N/A       100%        4
 Summon Ice Beast         Ice/Summ       0%         N/A       100%        4
 Agony                    Necr           0%         N/A       100%        5
 Alistair's Intoxication  Tmut/Pois      0%         N/A       100%        5
 Borgnjor's Vile Clutch   Necr/Erth      0%         N/A       100%        5
 Freezing Cloud           Conj/Ice/Air   0%         6-21      100%        5
 Lee's Rapid Deconstruct  Erth           0%         3d4*      100%        5
 Metabolic Englaciation   Hex/Ice        0%         N/A       100%        5
 Silence                  Hex/Air        0%         N/A       100%        5
 Summon Mana Viper        Hex/Summ       0%         N/A       100%        5
 Eringya's Noxious Bog    Tmut/Pois      0%         N/A       100%        6
 Statue Form              Tmut/Erth      0%         N/A       100%        6
 Haunt                    Necr/Summ      0%         N/A       100%        7
 Monstrous Menagerie      Summ           0%         N/A       100%        7
 Ozocubu's Refrigeration  Ice            0%         4d7       100%        7
 Ignition                 Fire           0%         3d3       100%        8
 Chain Lightning          Conj/Air       0%         N/A       100%        9
 Dragon's Call            Summ           0%         N/A       100%        9


Dungeon Overview and Level Annotations

Branches:
Dungeon (1/1)

Altars:
Ashenzari
Cheibriados
Dithmenos
Elyvilon
Fedhas
Gozag
Hepliaklqana
Kikubaaqudgha
Makhleb
Nemelex Xobeh
Okawaru
Qazlal
Ru
Sif Muna
Trog
Uskayaw
Vehumet
Wu Jian
Xom
Yredelemnul
Zin
The Shining One
Jiyva
Lugonu

Shops:
D ?*=*

Annotations:
D 1 transporter


Innate Abilities, Weirdness & Mutations

You are completely covered in rugged brown scales. (AC +3, +7% HP)
Armour fits poorly on your strangely shaped body.
You have a long armoured tail.
You roll when moving toward enemies. (Rampage)
Your long tongue fully drains potion bottles. (2x potion effects)
Your tongue gives you trouble enunciating. (1.5x scroll delay)


Message History

The blizzard demon gestures at you. The bolt of lightning hits you! You resist.
* * * LOW HITPOINT WARNING * * *
You miss Enomon.
Enomon is heavily wounded.
Enomon gestures at you. The bolt of negative energy hits you!
You partially resist.
You feel drained.
* * * LOW HITPOINT WARNING * * *
You block the shadow demon's attack.
SHROANNG!
You block Qiwuick's attack.
BONNNG!
You are too berserk!
You bludgeon Enomon!!
There is a shattering impact!
Enomon is severely wounded.
The blizzard demon is severely wounded.
The cacodemon is lightly wounded.
Your tail-slap misses Enomon.
Enomon is severely wounded.
You block the Brimstone Fiend's attack.
PTOANNNG!
You block the Brimstone Fiend's attack.
PTOANNNG!
The Brimstone Fiend hits you but does no damage.
You block the Ice Fiend's attack.
GONNNNG!
The Ice Fiend claws you but does no damage.
The ice devil is distracted by your dazzling golden aura.
You block Enomon's attack.
GONNNNG!
The blizzard demon hits you but does no damage. x2
The Ice Fiend is distracted by your dazzling golden aura.
Qiwuick gestures at you.
The lance of force hits you but does no damage.
The Ice Fiend roars!
You closely miss Enomon.
Enomon is severely wounded.
The shadow demon gestures.
Enomon gestures at you. The bolt of negative energy hits you!
You partially resist.
You feel drained.
You die...
Your body crumbles into a pile of gold.

▓...)....▓.
▓▓▓▓▓▓▓▓▓▓▓▓▓........▓.
▓....8©8....▓........▓.
▓..)=32}}|..▓........▓.
▓.§§§§§§§§.§▓...©....▓.
▓.§§§§§4..§§▓▓▓▓▓▓▓▓▓▓▓
▓...§§21§§..▓...8©8...▓
▓....1&&○...▓..))..)..▓
▓...22@○°...▓...|.)...▓
▓..▓.1.2.▓..▓....∩....▓
▓▓r..▓▓ ▓.........▓
▓..▓..S..▓..▓.........▓
▓.....©.....▓...[.....▓
▓▓▓▓▓▓▓▓▓▓▓▓▓.▓.....▓.▓
▓....8©8....▓....©....▓
▓..).})[.[..▓▓▓▓▓▓▓▓▓▓▓
▓...})|.|...▓...8©8...▓


You could see Enomon, Qiwuick (clouds), a Brimstone Fiend, 2 Ice Fiends, a
cacodemon, a balrug, 2 blizzard demons, a soul eater, a shadow demon (summoned),
an ice devil, a quokka (summoned) and a ball python (summoned).

Vanquished Creatures
  A nagaraja (D)
  A balrug (D)
  An orc warlord (D)
  A ghoul (D)
  A vampire knight (D)
  A two-headed ogre (D)
  An anaconda (D)
  3 naga warriors (D)
  A hell knight (D)
  A deep elf archer (D)
  2 deep elf zephyrmancers (D)
  3 deep elf pyromancers (D)
  A cyclops (D)
  2 guardian serpents (D)
  3 naga magi (D)
  A black mamba (D)
  A rust devil (D)
  An unseen horror (D)
  6 merfolk (D)
  7 wind drakes (D)
  A tarantella (D)
  3 jumping spiders (D)
  A shadow (D)
  A chaos spawn (D)
  2 wargs (D)
  2 nagas (D)
  5 water moccasins (D)
  4 orc warriors (D)
  2 ogres (D)
  3 centaurs (D)
  3 necrophages (D)
  3 scorpions (D)
  3 wights (D)
  A quasit (D)
  An iron imp (D)
  2 orc wizards (D)
  An adder (D)
  A white imp (D)
  An adder skeleton (D)
  An adder zombie (D)
  An orc (D)
  2 ball pythons (D)
  4 bat skeletons (D)
  A giant cockroach zombie (D)
88 creatures vanquished.

Vanquished Creatures (collateral kills)
  A wight (D)
1 creature vanquished.

Vanquished Creatures (others)
  An ice devil (D)
  An adder (D)
2 creatures vanquished.

Grand Total: 91 creatures vanquished

Notes
Turn   | Place    | Note
-------+----------+-------------------------------------------
     0 | D        | Atreus the Armataur Monk began the quest for the Orb.
     0 | D        | Reached XP level 1. HP: 19/19 MP: 1/1
     2 | D        | Found a blossoming altar of Fedhas.
     2 | D        | Found the +6 Majin-Bo {spellvamp, MP+6 Int+6}
     2 | D        | Found the +27 heavy crossbow "Sniper" {heavy, Acc+∞ SInv}
     2 | D        | Found the +10 dark maul {heavy}
     2 | D        | Found the +15 Maxwell's patent armour {-Cast -Tele rElec
                  | Will+ rCorr}
     2 | D        | Found the +18 shield of the Gong {Loud rN+ Will+ rCorr
                  | EV-5}
     2 | D        | Found the +16 obsidian axe {drain, demonic, Mesm Drain Fly
                  | SInv}
     2 | D        | Found the +7 great mace "Firestarter" {flame, inner flame,
                  | rFlCloud rF++}
     2 | D        | Found the +6 shillelagh "Devastator" {shatter}
     2 | D        | Found the +11 plutonium sword {Contam Stlth-}
     2 | D        | Found the +8 lance "Wyrmbane" {slay drac, rPois rF+ rC+
                  | AC+3}
     2 | D        | Found the +9 sword of Zonguldrok {reap}
     2 | D        | Found the +13 scythe of Curses {drain, curses, Drain}
     2 | D        | Found the +9 sword of Power {lifebolt}
     2 | D        | Found the +7 mace of Variability {chaos, chain chaos}
     2 | D        | Found the +11 Singing Sword {sonic wave}
     2 | D        | Found the +8 storm bow {elec, penet}
     5 | D        | Found a transporter.
     5 | D        | Found a viscous altar of Jiyva.
     5 | D        | Found an ancient bone altar of Kikubaaqudgha.
     5 | D        | Found a hazy altar of Hepliaklqana.
     5 | D        | Found a corrupted altar of Lugonu.
     5 | D        | Found an opulent altar of Gozag.
     5 | D        | Found a burning altar of Makhleb.
     6 | D        | Found a sacrificial altar of Ru.
     6 | D        | Found a shimmering blue altar of Sif Muna.
     6 | D        | Found a stormy altar of Qazlal.
     6 | D        | Found a bloodstained altar of Trog.
     6 | D        | Found an iron altar of Okawaru.
     6 | D        | Found a sparkling altar of Nemelex Xobeh.
   128 | D        | Became a worshipper of Gozag Ym Sagoz the Greedy
   135 | D        | Reached skill level 5 in Long Blades
   135 | D        | Reached XP level 2. HP: 29/29 MP: 2/2
   135 | D        | Reached XP level 3. HP: 36/36 MP: 3/3
   138 | D        | Entered arena 2.
   138 | D        | Found a transporter.
   144 | D        | Reached skill level 5 in Fighting
   163 | D        | Entered arena 3.
   163 | D        | Noticed a tarantella
   163 | D        | Noticed a scorpion
   163 | D        | Noticed a jumping spider
   163 | D        | Found a transporter.
   168 | D        | Killed a scorpion
   169 | D        | Reached skill level 1 in Shields
   169 | D        | Reached XP level 4. HP: 45/47 MP: 4/4
   171 | D        | Killed a tarantella
   171 | D        | Killed a jumping spider
   172 | D        | Reached skill level 10 in Armour
   172 | D        | Reached skill level 3 in Shields
   172 | D        | Reached XP level 5. HP: 56/56 MP: 5/5
   172 | D        | Reached XP level 6. HP: 65/65 MP: 6/6
   195 | D        | Entered arena 4.
   195 | D        | Found the +0 staff of Battle
   195 | D        | Noticed a jumping spider
   195 | D        | Noticed a jumping spider
   195 | D        | Found a transporter.
   199 | D        | Killed a jumping spider
   200 | D        | Reached skill level 4 in Shields
   200 | D        | Reached XP level 7. HP: 63/73 MP: 7/7
   205 | D        | Killed a jumping spider
   223 | D        | Got the +4 ring mail of Rucobeid {Str+7 Int-5}
   227 | D        | Entered arena 5.
   227 | D        | Found a transporter.
   231 | D        | Reached skill level 1 in Maces & Flails
   231 | D        | Reached skill level 5 in Shields
   231 | D        | Reached XP level 8. HP: 70/83 MP: 8/8
   248 | D        | Entered arena 6.
   248 | D        | Noticed a hell knight
   248 | D        | Found a transporter.
   249 | D        | Killed an unseen horror
   254 | D        | Reached skill level 6 in Shields
   255 | D        | Killed a hell knight
   256 | D        | Reached skill level 8 in Shields
   276 | D        | Entered arena 7.
   276 | D        | Noticed a naga mage
   278 | D        | Found a transporter.
   281 | D        | Reached XP level 9. HP: 90/90 MP: 9/9
   282 | D        | Reached skill level 9 in Shields
   283 | D        | Reached skill level 5 in Maces & Flails
   286 | D        | Killed a naga mage
   287 | D        | Reached skill level 10 in Fighting
   287 | D        | Reached skill level 10 in Shields
   354 | D        | Entered arena 8.
   354 | D        | Found the brooch of Shielding {Spirit SH+8}
   354 | D        | Noticed a deep elf pyromancer
   354 | D        | Noticed a deep elf zephyrmancer
   354 | D        | Noticed a deep elf pyromancer
   354 | D        | Noticed a deep elf zephyrmancer
   354 | D        | Noticed a deep elf pyromancer
   354 | D        | Noticed a deep elf archer
   358 | D        | Found a transporter.
   359 | D        | Killed a deep elf pyromancer
   360 | D        | Reached skill level 1 in Evocations
   360 | D        | Killed a deep elf pyromancer
   361 | D        | Reached skill level 11 in Shields
   363 | D        | Killed a deep elf zephyrmancer
   368 | D        | Killed a deep elf pyromancer
   368 | D        | Killed a deep elf archer
   369 | D        | Reached skill level 15 in Armour
   369 | D        | Reached skill level 12 in Shields
   369 | D        | Reached XP level 10. HP: 99/100 MP: 10/10
   369 | D        | Killed a deep elf zephyrmancer
   506 | D        | Entered arena 9.
   510 | D        | Found a transporter.
   550 | D        | Got the ring "Xiummiry" {rC+ rCorr Str+6 Int+3 Dex+2}
   556 | D        | Got the Directory of Feathery Elsewhere
   566 | D        | Bought the ring of Toqit {Fly rElec Dex+4 Slay+4} for 1017
                  | gold pieces
   571 | D        | Entered arena 10.
   573 | D        | Found a transporter.
   586 | D        | Reached skill level 13 in Shields
   709 | D        | Got the ring "Ladiotz" {Ice Dex+3}
   711 | D        | Got the ring "Zoplir" {Fly Int+4 Dex+4}
   727 | D        | Entered arena 11.
   727 | D        | Noticed a cyclops
   730 | D        | Found a transporter.
   733 | D        | Reached skill level 14 in Shields
   737 | D        | Killed a cyclops
   738 | D        | Reached skill level 10 in Maces & Flails
   738 | D        | Reached XP level 11. HP: 97/108 MP: 4/11
   750 | D        | Reached skill level 15 in Shields
   848 | D        | Bought a scroll labelled BUMOVA TOHINO for 22 gold pieces
   848 | D        | Bought a potion of haste for 220 gold pieces
   848 | D        | Bought a potion of curing for 66 gold pieces
   848 | D        | Bought a red potion for 19 gold pieces
   872 | D        | Entered arena 12.
   872 | D        | Noticed a ghoul
   875 | D        | Noticed a vampire knight
   876 | D        | Found a transporter.
   886 | D        | Killed a ghoul
   893 | D        | Killed a vampire knight
   894 | D        | Reached skill level 16 in Shields
   984 | D        | Got the Notes on the Vexing Chill
   991 | D        | Entered arena 13.
   991 | D        | Noticed an orc warlord
   991 | D        | Noticed a two-headed ogre
   993 | D        | Identified the +5 war axe "Opnemuiz" {speed, SInv}
   993 | D        | Identified the +5 spear "Faeleag" {heavy, Drain rF++ rN++}
   993 | D        | Found a transporter.
   998 | D        | Killed a two-headed ogre
  1003 | D        | Killed an orc warlord
  1004 | D        | Reached skill level 17 in Shields
  1040 | D        | Bought a scroll of brand weapon for 152 gold pieces
  1040 | D        | Bought a scroll of immolation for 64 gold pieces
  1047 | D        | Got Bawog's Catalogue of Creative Locality
  1052 | D        | Got the Codex of Vile Feathers
  1061 | D        | Entered arena 14.
  1062 | D        | Noticed a naga warrior
  1063 | D        | Noticed a nagaraja
  1063 | D        | Noticed a naga warrior
  1063 | D        | Noticed an anaconda
  1065 | D        | Noticed a naga warrior
  1081 | D        | Killed a naga warrior
  1084 | D        | Reached skill level 18 in Shields
  1086 | D        | Killed a naga warrior
  1086 | D        | Killed a nagaraja
  1087 | D        | Reached XP level 12. HP: 68/119 MP: 1/12
  1087 | D        | Killed an anaconda
  1088 | D        | Reached skill level 19 in Shields
  1091 | D        | Killed a naga warrior
  1196 | D        | Found a transporter.
  1199 | D        | Bought a scroll of fog for 120 gold pieces
  1199 | D        | Bought a potion of berserk rage for 150 gold pieces
  1199 | D        | Bought a box of beasts for 1200 gold pieces
  1222 | D        | Entered arena 15.
  1223 | D        | Noticed Enomon the pandemonium lord
  1223 | D        | Noticed a balrug
  1223 | D        | Noticed a cacodemon
  1223 | D        | Noticed a Brimstone Fiend
  1223 | D        | Found the +5 scythe "Finisher" {speed, eviscerate}
  1223 | D        | Noticed a blizzard demon
  1223 | D        | Noticed a blizzard demon
  1224 | D        | Noticed Qiwuick the pandemonium lord
  1225 | D        | Noticed an Ice Fiend
  1225 | D        | Noticed a balrug
  1225 | D        | Found a transporter.
  1229 | D        | Killed a balrug
  1233 | D        | Noticed an Ice Fiend
  1242 | D        | Killed from afar by Enomon the pandemonium lord

Illustrated notes

Levels and vault maps discovered:
D:        sprint_v [room_start, room_1, room_2, room_3, room_4, room_5, room_6,
          room_7, room_8, room_9, room_10, room_11, room_12, room_13, room_14,
          room_15, room_16, room_17, room_18, room_19, room_20, room_21,
          room_22, room_23, room_24, room_25, room_26, room_27]

Skill      XL: |  1  2  3  4  5  6  7  8  9 10 11 12 |
---------------+-------------------------------------+-----
Fighting       | 4 5 7 8 9 10 12 | 12.5
Long Blades    | 5 6 8 9 |  9.5
Armour         | 6 8 10 11 12 15 16 17 18 | 18.0
Shields        | 1 3 4 5 8 12 14 18 19 | 19.7
Maces & Flails | 1 4 8 10 12 | 12.9
Evocations     | 1 |  1.4
Axes           | |  2.4
Dodging        | |  2.1
Stealth        | |  2.1

Action                     |  1- 3 |  4- 6 |  7- 9 | 10-12 || total
---------------------------+-------+-------+-------+-------++-------
  Melee: Double sword      |     8 |     7 |     3 |       ||    18
         Tailslap          |       |     1 |     1 |    16 ||    18
         Shillelagh        |       |       |    27 |   110 ||   137
 Invoke: Potion Petition   |       |       |     1 |     1 ||     2
         Call Merchant     |       |       |       |     4 ||     4
  Evoke: Lightning rod     |       |       |     1 |       ||     1
         Condenser vane    |       |       |     1 |     6 ||     7
         Phantom mirror    |       |       |       |     2 ||     2
    Use: Potion            |     1 |       |       |    17 ||    18
         Scroll            |       |       |       |     4 ||     4
   Stab: Invisible         |       |       |     1 |       ||     1
         Confused          |       |       |     1 |       ||     1
         Distracted        |       |       |       |     1 ||     1
 Armour: Plate armour      |     7 |    11 |    10 |    88 ||   116
  Dodge: Dodged            |     1 |       |     1 |     3 ||     5
  Block: Kite shield       |    10 |    11 |    25 |   205 ||   251

Table legend: (Time is in decaauts)
 A = Elapsed time spent in this place.
 B = Non-inter-level travel time spent in this place.
 C = Inter-level travel time spent in this place.
 D = Time resting spent in this place.
 E = Time spent auto-exploring this place.
 F = Levels seen in this place.
 G = Mean time per level.
                   A        B        C        D        E       F      G
               +--------+--------+--------+--------+--------+-----+--------+
         Total |   1231 |   1231 |      0 |    370 |     88 |   1 | 1231.0 |
       Dungeon |   1231 |   1231 |      0 |    370 |     88 |   1 | 1231.0 |
               +--------+--------+--------+--------+--------+-----+--------+

Top non-repeatable levels by time:
       D: 1231 daAuts
